 Dungeon Crawl Stone Soup version 0.29-a0-359-g541a27f54d (webtiles) character file.

Game seed: 14557417729977565999

14083 Colgate the Fighter (level 12, -2/84 HPs)
             Began as a Kobold Brigand on Apr 27, 2022.
             Was a High Priest of Trog.
             Slain by a white ugly thing (30 damage)
             ... on level 9 of the Dungeon on Apr 28, 2022.
             The game lasted 00:49:27 (14317 turns).

Colgate the Fighter (Kobold Brigand)               Turns: 14317, Time: 00:49:28

Health: -2/84      AC: 17    Str: 15    XL:     12   Next: 40%
Magic:  12/12      EV: 22    Int: 15    God:    Trog [*****.]
Gold:   203        SH:  0    Dex: 21    Spells: 11/11 levels left

rFire   . . .      SeeInvis .   a - +2 dagger (speed)
rCold   . . .      Faith    +   (no shield)
rNeg    . . .      Spirit   .   U - +0 troll leather armour
rPois   .          Reflect  .   D - +2 helmet {Int+3}
rElec   .          Harm     .   h - +1 cloak
rCorr   .          Rampage  .   M - +3 pair of gauntlets of War {Slay+5}
Will    .....                   (no boots)
Stlth   +++++.....              f - amulet of faith
HPRegen 1.04/turn               R - +6 ring of strength
MPRegen 0.13/turn               p - +4 ring of protection

@: no status effects
A: small, no large weapons, nightstalker 3
a: Renounce Religion, Berserk, Trog's Hand, Brothers in Arms


You were on level 9 of the Dungeon.
You worshipped Trog.
Trog was extremely pleased with you.
You visited 2 branches of the dungeon, and saw 10 of its levels.
You also visited: Bailey.

You collected 525 gold pieces.
You spent 322 gold pieces at shops.

Inventory:

Hand Weapons
 a - a +2 dagger of speed (weapon)
 b - a +1 dagger of draining
 u - a +0 short sword
 E - a +4 vorpal falchion
Missiles
 d - 13 poisoned darts (quivered)
 e - 2 curare-tipped darts
 Q - a throwing net {!f}
Armour
 h - a +1 cloak (worn)
 q - the +2 chain mail of Magic {rN+ Int+3}
   (You found it on level 2 of the Dungeon)

   Int:       It affects your intelligence (+3).
   rN:        It protects you from negative energy.
 B - a +0 robe of willpower
 D - a +2 helmet of intelligence (worn)
 H - +0 steam dragon scales
 M - the +3 pair of gauntlets of War (worn) {Slay+5}
   (You acquired it in a bailey)

   Slay:      It affects your accuracy & damage with ranged weapons and melee
   (+5).
 U - a +0 troll leather armour (worn)
Jewellery
 f - an amulet of faith (around neck)
 p - a +4 ring of protection (right hand)
 v - an amulet of guardian spirit
 x - a ring of fire
 N - a +6 ring of intelligence
 R - a +6 ring of strength (left hand)
Wands
 r - a wand of polymorph (8)
 P - a wand of acid (7) {@v1}
Scrolls
 g - 2 scrolls of vulnerability
 j - 4 scrolls of amnesia
 k - 2 scrolls of noise
 l - a scroll of holy word {unknown}
 m - a scroll of torment {unknown}
 t - 2 scrolls of fog
 y - 3 scrolls of teleportation {@r3}
 A - a scroll of brand weapon {unknown}
 G - a scroll of enchant weapon {unknown}
 I - a scroll of immolation
 K - a scroll of fear
 L - a scroll of blinking {unknown}
 S - a scroll of enchant armour {unknown}
Potions
 c - 5 potions of heal wounds {@q2}
 i - 2 potions of might {@q3}
 n - 3 potions of cancellation
 o - 3 potions of haste {@q4}
 s - a potion of mutation
 w - a potion of flight
 z - a potion of ambrosia
 C - 2 potions of lignification
 F - 3 potions of curing {@q1}
 J - a potion of magic {unknown}
 T - a potion of berserk rage {unknown}
Miscellaneous
 O - a condenser vane


   Skills:
 + Level 13.4 Fighting
 - Level 10.0 Short Blades
 - Level 8.2 Throwing
 - Level 10.2 Dodging
 - Level 7.3 Stealth
 - Level 7.0 Evocations


You had 11 spell levels left.
You didn't know any spells.
Your spell library was empty.

Dungeon Overview and Level Annotations

Branches:
Dungeon (9/15)             Temple (1/1) D:6          Bailey (visited)
   Lair: D:8-11         Orc: D:9-12

Altars:
Ashenzari
Cheibriados
Dithmenos
Elyvilon
Fedhas
Gozag
Hepliaklqana
Kikubaaqudgha
Makhleb
Qazlal
Sif Muna
Trog
Uskayaw
Vehumet
Wu Jian
Xom
Yredelemnul

Shops:
D:7 :((*


Innate Abilities, Weirdness & Mutations

You are small and have problems with some larger weapons.
You are completely attuned to the shadows.


Message History

Your iron troll claws the purple ugly thing!!
You hit the harpy. Your punch misses the harpy.
The harpy claws you but does no damage. The harpy misses you.
The purple ugly thing closely misses you.
The purple ugly thing completely misses you.
You puncture the harpy! The harpy barely misses you.
The harpy closely misses you.
You puncture the harpy! The harpy completely misses you.
The harpy barely misses you.
You hit the harpy.
Your iron troll closely misses the purple ugly thing.
Your iron troll claws the purple ugly thing.
Your iron troll claws the purple ugly thing!
The purple ugly thing dies!
Trog accepts your kill. The purple ugly thing punches you.
The harpy completely misses you. The harpy claws you but does no damage.
Your Dodging skill increases to level 10!
You puncture the harpy!
You kill the harpy!
Trog accepts your kill.
You hit the purple ugly thing. You hit the purple ugly thing.
The purple ugly thing basks in the mutagenic energy from its kin and changes! x2
You hit the white ugly thing.
You hit the white ugly thing but do no damage.
Your iron troll bites the white ugly thing!
Your iron troll claws the white ugly thing! x2
You puncture the white ugly thing! You hit the white ugly thing.
You closely miss the white ugly thing.
Your iron troll bites the white ugly thing!!!
The white ugly thing dies!
Trog accepts your kill. The white ugly thing gores you!
The white ugly thing freezes you!!
There is an open translucent gate, spattered with blood here.
You see here an ugly thing corpse.
You hit the white ugly thing. You punch the white ugly thing.
The white ugly thing gores you. The white ugly thing freezes you!!
You die...

........##.................#
.......)...#...............#
....)...########.##...>....#
#.......###...##...........#
#.....................######
#.################...## #.#
...#....# #)# #.#.#†...# ..#
§..u@.†.## ..# .#..T...# ..#
..!$'..#### ..# #.#.#.....#
..# ....#.....# ###
############....#
##.......#.###...#######+##
## #........#.#
#.#..........# .#
#..........# #.#..........#


You could see a white ugly thing (ally target) and a friendly iron troll
(summoned, berserk).

Vanquished Creatures
  Gastronok (D:8)
  A two-headed ogre (D:8)
  A harpy (shapeshifter) (D:9)
  Pikel (D:6)
  An orc knight (Bailey)
  An ugly thing (D:9)
  2 centaur zombies (D:8)
  Maggie (D:6)
  A centaur skeleton (D:8)
  A troll (D:9)
  A hornet (D:7)
  Sigmund (D:4)
  A wyvern (D:9)
  Eustachio (D:5)
  10 yaks (D:9)
  2 steam dragons (D:8)
  3 acid dragons
  Edmund (D:4)
  A water moccasin (D:9)
  4 orc warriors
  An ice beast (D:6)
  A black bear (D:6)
  2 sky beasts
  2 centaurs
  2 ogres
  2 phantoms
  A lemure (D:6)
  Blork the orc (D:5)
  3 bullfrogs
  2 scorpions
  4 wights
  4 howler monkeys
  A gnoll shaman (D:7)
  2 hounds
  2 jellies
  3 orc priests
  4 iguanas
  10 orc wizards
  Robin (D:4)
  9 adders
  14 gnolls
  4 shadow imps
  2 white imps (D:7)
  2 worms (D:3)
  4 dart slugs
  30 orcs
  8 endoplasms
  3 giant cockroaches
  24 goblins
  15 hobgoblins
  12 jackals
  2 quokkas
  9 ball pythons
  3 bats
  5 frilled lizards
  17 kobolds
  7 rats
254 creatures vanquished.

Vanquished Creatures (collateral kills)
  An orc warlord (Bailey)
  A centaur zombie (D:8)
  3 ugly things (D:9)
  A centaur skeleton (D:8)
  2 hellwings (D:7)
  Grinder (D:5)
9 creatures vanquished.

Vanquished Creatures (others)
  12 plants (D:4)
  8 withered plants (D:8)
20 creatures vanquished.

Grand Total: 283 creatures vanquished

Notes
Turn   | Place    | Note
-------+----------+-------------------------------------------
     0 | D:1      | Colgate the Kobold Brigand began the quest for the Orb.
     0 | D:1      | Reached XP level 1. HP: 12/12 MP: 1/1
   142 | D:1      | Found a faded altar of an unknown god.
   147 | D:1      | Reached XP level 2. HP: 16/17 MP: 2/2
   150 | D:1      | Prayed at the altar of an unknown god.
   150 | D:1      | Became a worshipper of Trog the Wrathful
   150 | D:1      | Reached * piety under Trog
   404 | D:1      | Reached XP level 3. HP: 17/21 MP: 3/3
  1065 | D:2      | Reached ** piety under Trog
  1066 | D:2      | Reached skill level 5 in Short Blades
  1212 | D:2      | Reached XP level 4. HP: 26/26 MP: 4/4
  1725 | D:2      | Identified the +2 chain mail of Magic {rN+ Int+3}
  1955 | D:3      | Noticed an ogre
  1959 | D:3      | Killed an ogre
  1960 | D:3      | Reached XP level 5. HP: 30/30 MP: 5/5
  2224 | D:3      | Reached XP level 6. HP: 35/35 MP: 6/6
  2664 | D:3      | Found an ancient bone altar of Kikubaaqudgha.
  3634 | D:3      | Found an ancient bone altar of Kikubaaqudgha.
  4056 | D:4      | Reached skill level 3 in Fighting
  4306 | D:4      | Reached XP level 7. HP: 41/41 MP: 7/7
  4638 | D:4      | Noticed Sigmund
  4650 | D:4      | Killed Sigmund
  4650 | D:4      | Reached *** piety under Trog
  4651 | D:4      | Reached skill level 4 in Fighting
  5268 | D:4      | Noticed Edmund
  5287 | D:4      | Killed Edmund
  5288 | D:4      | Reached skill level 5 in Fighting
  5400 | D:4      | Noticed Robin
  5454 | D:4      | Killed Robin
  5580 | D:5      | Entered Level 5 of the Dungeon
  5623 | D:5      | Noticed Blork the orc
  5624 | D:5      | Killed Blork the orc
  5625 | D:5      | Reached skill level 6 in Fighting
  5625 | D:5      | Reached XP level 8. HP: 51/51 MP: 8/8
  5753 | D:5      | Reached skill level 7 in Fighting
  6004 | D:5      | Noticed Eustachio
  6087 | D:5      | Killed Eustachio
  6088 | D:5      | Reached skill level 8 in Fighting
  6114 | D:5      | Reached **** piety under Trog
  6220 | D:5      | Noticed Grinder
  6246 | D:5      | Killed Grinder
  6247 | D:5      | Reached skill level 5 in Dodging
  6247 | D:5      | Reached XP level 9. HP: 26/59 MP: 9/9
  6670 | D:6      | Noticed Pikel
  6721 | D:6      | Killed Pikel
  6722 | D:6      | Reached skill level 5 in Evocations
  7065 | D:6      | Noticed Maggie
  7075 | D:6      | Killed Maggie
  7235 | D:6      | Found a staircase to the Ecumenical Temple.
  7241 | Temple   | Entered the Ecumenical Temple
  7653 | D:6      | Reached skill level 10 in Short Blades
  8273 | D:6      | Reached XP level 10. HP: 64/64 MP: 10/10
  8541 | D:7      | Found a flagged portal.
  8590 | Bailey   | Entered a bailey
  8657 | Bailey   | Reached ***** piety under Trog
  8716 | Bailey   | Noticed an orc knight
  8736 | Bailey   | Noticed an orc warlord
  9098 | Bailey   | Found a runed translucent gate.
  9099 | Bailey   | Found a runed translucent gate.
  9100 | Bailey   | Found a runed translucent gate.
  9153 | Bailey   | Killed an orc knight
  9154 | Bailey   | Reached skill level 5 in Throwing
  9324 | Bailey   | Killed an orc warlord
  9385 | Bailey   | Acquired the +3 pair of gauntlets of War {Slay+5}
  9385 | Bailey   | Found the +3 pair of gauntlets of War {Slay+5}
  9660 | D:7      | Paralysed by a hornet for 2 turns
 10010 | D:7      | Found Cuheoth's General Store.
 10017 | D:7      | Bought a +2 helmet of intelligence for 322 gold pieces
 10110 | D:7      | Found Ziesmeip's Weapon Boutique.
 10431 | D:7      | Found Xojett's Weapon Boutique.
 10435 | D:7      | Found Hogek's Book Emporium.
 10891 | D:8      | Reached skill level 9 in Fighting
 10891 | D:8      | Reached XP level 11. HP: 71/71 MP: 11/11
 10978 | D:8      | Noticed Gastronok
 11230 | D:7      | Found Cuheoth's General Store.
 11342 | D:7      | Reached skill level 10 in Fighting
 11394 | D:7      | Found Ziesmeip's Weapon Boutique.
 11570 | D:7      | Found Hogek's Book Emporium.
 11575 | D:7      | Found Xojett's Weapon Boutique.
 12105 | D:8      | Killed Gastronok
 12106 | D:8      | Reached skill level 11 in Fighting
 12401 | D:8      | Noticed a two-headed ogre
 12420 | D:8      | Killed a two-headed ogre
 12421 | D:8      | Reached skill level 12 in Fighting
 13396 | D:9      | Reached XP level 12. HP: 72/82 MP: 12/12
 13422 | D:9      | Reached skill level 13 in Fighting
 13743 | D:9      | Found a runed translucent gate.
 13753 | D:9      | Found a runed translucent gate.
 13755 | D:9      | Found a runed translucent gate.
 13915 | D:9      | Found a broken altar of Ashenzari.
 14308 | D:9      | Reached skill level 10 in Dodging
 14317 | D:9      | Slain by a white ugly thing

Illustrated notes

Levels and vault maps discovered:
D:1:      tarquinn_simple_flora_water_e, layout_basic, basic_ecumenical_altar
D:2:      layout_basic
D:3:      layout_loops_cross, nicolae_overflow_hidden_temple,
          kennysheep_minor_cross
D:4:      kennysheep_goblin_castle, layout_loops_ring, serial_bayou,
          serial_bayou_ford_a, serial_bayou_lagoon_a, serial_bayou_shore_a,
          serial_bayou_pond_e, columned_hall_lemuel, uniq_sigmund, uniq_edmund
D:5:      layout_layer_cave, uniq_eustachio, uniq_grinder, uniq_blork_the_orc
D:6:      layout_loops_corners, minmay_temple_entry_ruins, uniq_maggie,
          uniq_pikel
D:7:      layout_layer_cave, serial_shops, nicolae_shop_waterfront, shop,
          nicolae_shop_hallway_stairs, nicolae_shop_stone, enter_bailey_3
D:8:      cheibrodos_grave_circle, layout_rooms, nicolae_ossuary_entry_ruins,
          uniq_gastronok
D:9:      layout_rooms, cheibrodos_ashenzari_chains,
          gammafunk_temple_overflow_forgotten,
          ploomutoo_gammafunk_ghost_potion_laboratory, nicolae_underground_beach
Temple:   regret_index_temple_generic_petals

Skill      XL: |  1  2  3  4  5  6  7  8  9 10 11 12 |
---------------+-------------------------------------+-----
Short Blades   | 3 4 5 7 8 10 | 10.0
Dodging        | 3 5 8 10 | 10.2
Fighting       | 3 6 8 9 12 13 | 13.4
Evocations     | 6 7 |  7.0
Stealth        | 6 7 |  7.3
Throwing       | 8 |  8.2

Action                   |  1- 3 |  4- 6 |  7- 9 | 10-12 || total
-------------------------+-------+-------+-------+-------++-------
Melee: Dagger            |    51 |   178 |   371 |   491 ||  1091
       Punch             |       |     2 |     3 |    11 ||    16
Throw: Dart              |       |       |    21 |    40 ||    61
Invok: Brothers in Arms  |       |       |     1 |     5 ||     6
       Berserk           |       |       |     1 |     2 ||     3
Evoke: Wand              |       |       |       |     2 ||     2
  Use: Scroll            |     1 |     4 |     4 |    10 ||    19
       Potion            |       |       |       |     2 ||     2
 Stab: Sleeping          |    22 |    11 |    19 |    22 ||    74
       Distracted        |     1 |     2 |     2 |     8 ||    13
Armor: Robe              |     4 |     9 |    10 |       ||    23
       Steam dragon scal |       |       |    10 |    73 ||    83
       Troll leather arm |       |       |       |     3 ||     3
Dodge: Dodged            |    20 |    49 |   129 |   223 ||   421

Table legend: (Time is in decaauts)
 A = Elapsed time spent in this place.
 B = Non-inter-level travel time spent in this place.
 C = Inter-level travel time spent in this place.
 D = Time resting spent in this place.
 E = Time spent auto-exploring this place.
 F = Levels seen in this place.
 G = Mean time per level.
                   A        B        C        D        E       F      G
               +--------+--------+--------+--------+--------+-----+--------+
         Total |  13756 |  13164 |    592 |    738 |  10262 |  11 | 1250.5 |
       Dungeon |  12592 |  12039 |    553 |    540 |   9691 |   9 | 1399.1 |
        Temple |    318 |    279 |     39 |      0 |    259 |   1 |  318.0 |
        Bailey |    845 |    845 |      0 |    198 |    312 |   1 |  845.0 |
               +--------+--------+--------+--------+--------+-----+--------+

Top non-repeatable levels by time:
     D:7: 2875 daAuts
     D:3: 2018 daAuts
     D:4: 1590 daAuts
     D:6: 1324 daAuts
     D:9: 1152 daAuts
     D:2: 977 daAuts
     D:5: 967 daAuts
     D:1: 954 daAuts
  Bailey: 845 daAuts
     D:8: 733 daAuts
  Temple: 318 daAuts
